[ AOE2 MATCH · #495475363 ]
UnrankedBurgundians vs Wei
Rival team · WIN
[ REPLAY ANALYSIS · EXTRACTED FROM THE RECORDED GAME ]
Feudal
9:57
Castle
18:06
Imperial
29:43
| APM avg | 54.0 |
| APM peak | 104 |
| eAPM avg | 35.2 |
| Villagers / military | 301 / 630 |
Focus
⚔️ 36.7% · 🌾 63.3%
Skirmisher ×220 · Scout Cavalry ×146 · Knight ×107 · Flemish Militia ×56 · Spearman ×51 · Monk ×17
Feudal
8:28
Castle
19:36
Imperial
25:20
| APM avg | 56.4 |
| APM peak | 97 |
| eAPM avg | 33.8 |
| Villagers / military | 173 / 338 |
Focus
⚔️ 60.0% · 🌾 40.0%
Spearman ×169 · Scout Cavalry ×155 · Unknown (1952) ×141 · Unknown (1942) ×25 · Unknown (1944) ×25 · Unknown (1949) ×24
Match map
Initial resources + every placement click. Lines = walls · curves = elevation contours. ◆ gold · ⬟ stone · ● berries · ✦ relic · ◌ wall gap
Your base· ✓ Closed at 18:06 · 8t walls · 2 gate(s)
DemonSheep's base· ✓ Closed at 19:36 · 1t walls · 3 gate(s)
Smoothed initial terrain · ◌ = detected wall gap · hover for details
Inputs per minute
— Richard Rahl - - DemonSheep
Build order — Richard Rahl
First 150 of 877 actions detected
| 0:00 | Create | Villager (Male) |
| 0:01 | Create | Villager (Male) |
| 0:02 | Build | House |
| 0:03 | Build | House |
| 0:08 | Create | Villager (Male) |
| 0:08 | Create | Villager (Male) |
| 1:27 | Create | Villager (Male) |
| 1:27 | Create | Villager (Male) |
| 2:05 | Create | Villager (Male) |
| 2:05 | Create | Villager (Male) |
| 2:23 | Create | Villager (Male) |
| 2:24 | Create | Villager (Male) |
| 2:39 | Create | Villager (Male) |
| 2:50 | Build | Lumber Camp |
| 2:51 | Create | Villager (Male) |
| 3:21 | Create | Villager (Male) |
| 3:21 | Create | Villager (Male) |
| 3:29 | Research | Double-Bit Axe |
| 3:34 | Create | Villager (Male) |
| 4:00 | Create | Villager (Male) |
| 4:12 | Build | House |
| 4:33 | Create | Villager (Male) |
| 4:34 | Create | Villager (Male) |
| 4:40 | Build | House |
| 4:43 | Create | Villager (Male) |
| 4:50 | Create | Villager (Male) |
| 5:11 | Build | House |
| 5:35 | Build | Mill |
| 6:07 | Create | Villager (Male) |
| 6:08 | Create | Villager (Male) |
| 6:08 | Create | Villager (Male) |
| 6:09 | Create | Villager (Male) |
| 6:09 | Create | Villager (Male) |
| 6:18 | Create | Villager (Male) |
| 7:14 | Create | Villager (Male) |
| 7:46 | Research | Feudal Age |
| 7:50 | Build | Lumber Camp |
| 7:59 | Build | Lumber Camp |
| 8:31 | Research | Loom |
| 8:41 | Build | House |
| 8:45 | Build | House |
| 8:49 | Build | House |
| 8:52 | Build | House |
| 9:34 | Research | Horse Collar |
| 9:57 | Age | Feudal Age |
| 10:00 | Research | Bow Saw |
| 10:00 | Create | Villager (Male) |
| 10:23 | Build | Stone Wall |
| 10:48 | Create | Villager (Male) |
| 10:48 | Create | Villager (Male) |
| 10:55 | Build | Mining Camp |
| 11:12 | Build | Farm |
| 11:12 | Build | Farm |
| 11:22 | Create | Villager (Male) |
| 11:28 | Build | Farm |
| 11:33 | Build | Farm |
| 11:35 | Build | Stone Wall |
| 11:51 | Create | Villager (Male) |
| 11:53 | Research | Gold Mining |
| 12:07 | Research | Heavy Plow |
| 12:09 | Build | Farm |
| 12:30 | Create | Villager (Male) |
| 12:30 | Create | Villager (Male) |
| 12:31 | Create | Villager (Male) |
| 12:49 | Build | Stone Wall |
| 12:53 | Build | Farm |
| 12:56 | Build | Farm |
| 13:15 | Build | Market |
| 13:24 | Create | Villager (Male) |
| 13:30 | Build | Farm |
| 13:48 | Create | Villager (Male) |
| 14:01 | Create | Villager (Male) |
| 14:23 | Build | Blacksmith |
| 14:29 | Build | House |
| 14:45 | Create | Villager (Male) |
| 14:56 | Build | House |
| 15:06 | Build | Stone Wall |
| 15:07 | Build | Stone Wall |
| 15:24 | Build | Watch Tower |
| 15:26 | Research | Castle Age |
| 15:46 | Build | Mining Camp |
| 15:59 | Research | Fletching |
| 16:29 | Research | Gold Mining |
| 16:33 | Build | Farm |
| 17:01 | Create | Villager (Male) |
| 17:42 | Build | House |
| 17:42 | Build | House |
| 18:03 | Create | Villager (Male) |
| 18:06 | Age | Castle Age |
| 18:09 | Build | Siege Workshop |
| 18:15 | Build | Monastery |
| 18:27 | Build | Town Center |
| 18:32 | Build | House |
| 18:33 | Create | Villager (Male) |
| 18:54 | Create | Mangonel |
| 19:03 | Create | Monk |
| 19:09 | Create | Villager (Male) |
| 19:40 | Create | Villager (Male) |
| 19:46 | Create | Mangonel |
| 20:02 | Create | Villager (Male) |
| 20:07 | Create | Villager (Male) |
| 20:13 | Build | Town Center |
| 20:16 | Create | Villager (Male) |
| 20:19 | Create | Villager (Male) |
| 20:28 | Create | Villager (Male) |
| 21:01 | Create | Mangonel |
| 21:12 | Create | Villager (Male) |
| 21:27 | Create | Monk |
| 21:30 | Create | Villager (Male) |
| 21:34 | Build | Farm |
| 21:35 | Build | Farm |
| 21:36 | Create | Villager (Male) |
| 21:37 | Create | Villager (Male) |
| 21:55 | Create | Villager (Male) |
| 22:01 | Build | House |
| 22:04 | Build | Farm |
| 22:17 | Create | Villager (Male) |
| 22:18 | Create | Villager (Male) |
| 22:24 | Create | Villager (Male) |
| 22:34 | Create | Villager (Male) |
| 22:36 | Create | Villager (Male) |
| 22:41 | Build | House |
| 22:43 | Create | Villager (Male) |
| 22:47 | Create | Monk |
| 22:49 | Create | Villager (Male) |
| 22:51 | Build | Farm |
| 22:52 | Build | Farm |
| 22:52 | Build | Farm |
| 22:54 | Build | Farm |
| 22:55 | Build | Farm |
| 22:59 | Create | Villager (Male) |
| 23:11 | Create | Monk |
| 23:20 | Build | House |
| 23:21 | Build | House |
| 23:24 | Build | House |
| 23:26 | Build | House |
| 23:44 | Create | Villager (Male) |
| 24:07 | Create | Monk |
| 24:10 | Build | Barracks |
| 24:13 | Build | Farm |
| 24:16 | Build | Farm |
| 24:17 | Build | Farm |
| 24:20 | Create | Monk |
| 24:26 | Create | Villager (Male) |
| 24:30 | Create | Villager (Male) |
| 24:33 | Create | Villager (Male) |
| 24:35 | Build | Farm |
| 24:37 | Build | Farm |
| 24:38 | Build | House |
| 24:39 | Build | House |
Build order — DemonSheep
First 150 of 721 actions detected
| 0:01 | Create | Villager (Male) |
| 0:02 | Build | House |
| 0:04 | Build | House |
| 0:06 | Create | Villager (Male) ×3 |
| 1:24 | Create | Villager (Male) |
| 2:05 | Create | Villager (Male) |
| 2:05 | Create | Villager (Male) |
| 2:05 | Create | Villager (Male) |
| 2:10 | Build | Lumber Camp |
| 2:50 | Create | Villager (Male) |
| 2:50 | Create | Villager (Male) |
| 2:50 | Create | Villager (Male) |
| 3:40 | Create | Villager (Male) |
| 3:40 | Create | Villager (Male) |
| 3:40 | Create | Villager (Male) |
| 3:41 | Create | Villager (Male) |
| 3:41 | Create | Villager (Male) |
| 3:48 | Build | House |
| 4:21 | Create | Villager (Male) |
| 4:21 | Create | Villager (Male) |
| 4:44 | Create | Villager (Male) |
| 4:52 | Build | Mill |
| 5:00 | Create | Villager (Male) |
| 6:18 | Research | Feudal Age |
| 6:18 | Research | Feudal Age |
| 6:47 | Build | House |
| 6:50 | Create | Villager (Male) |
| 6:51 | Research | Loom |
| 7:13 | Build | Mining Camp |
| 8:28 | Age | Feudal Age |
| 8:31 | Build | Watch Tower |
| 8:38 | Research | Double-Bit Axe |
| 8:38 | Research | Horse Collar |
| 8:38 | Research | Horse Collar |
| 9:19 | Create | Villager (Male) |
| 9:23 | Research | Town Watch |
| 9:23 | Research | Town Watch |
| 9:33 | Build | House |
| 9:35 | Build | House |
| 9:40 | Create | Villager (Male) |
| 9:56 | Create | Villager (Male) |
| 10:23 | Create | Villager (Male) |
| 10:55 | Create | Villager (Male) |
| 10:58 | Build | Farm |
| 10:58 | Build | Farm |
| 11:01 | Build | Farm |
| 11:03 | Build | Farm |
| 11:11 | Create | Villager (Male) |
| 11:15 | Build | House |
| 11:37 | Build | Palisade Wall |
| 12:04 | Create | Villager (Male) |
| 12:07 | Build | Farm |
| 12:09 | Build | Farm |
| 12:11 | Create | Villager (Male) |
| 12:20 | Build | Farm |
| 12:21 | Build | Farm |
| 12:32 | Create | Villager (Male) |
| 12:33 | Build | Farm |
| 12:40 | Create | Villager (Male) |
| 13:37 | Create | Villager (Male) |
| 13:40 | Build | Mining Camp |
| 13:50 | Create | Villager (Male) |
| 13:54 | Build | Farm |
| 14:19 | Create | Villager (Male) |
| 14:34 | Build | Market |
| 15:01 | Create | Villager (Male) |
| 15:21 | Build | Blacksmith |
| 15:24 | Create | Villager (Male) |
| 15:41 | Research | Wheelbarrow |
| 15:41 | Research | Wheelbarrow |
| 15:50 | Build | Watch Tower |
| 16:11 | Build | House |
| 16:12 | Build | House |
| 16:27 | Build | House |
| 16:51 | Build | Lumber Camp |
| 16:52 | Research | Castle Age |
| 16:52 | Research | Castle Age |
| 17:22 | Research | Fletching |
| 18:05 | Research | Gold Mining |
| 18:05 | Research | Gold Mining |
| 18:15 | Build | Lumber Camp |
| 18:30 | Create | Villager (Male) |
| 18:30 | Create | Villager (Male) |
| 18:38 | Build | Farm |
| 18:41 | Build | Farm |
| 19:36 | Age | Castle Age |
| 19:42 | Build | Siege Workshop |
| 19:51 | Build | Monastery |
| 20:30 | Create | Mangonel |
| 20:39 | Create | Monk |
| 21:18 | Build | Outpost |
| 21:26 | Build | Barracks |
| 22:10 | Research | Imperial Age |
| 22:10 | Research | Imperial Age |
| 22:11 | Create | Spearman |
| 22:20 | Build | University |
| 22:58 | Build | Siege Workshop |
| 23:03 | Research | Bodkin Arrow |
| 23:17 | Research | Bow Saw |
| 23:18 | Research | Bow Saw |
| 24:08 | Create | Spearman |
| 24:24 | Research | Guard Tower (upgrade) |
| 24:24 | Research | Guard Tower (upgrade) |
| 25:01 | Create | Villager (Male) |
| 25:14 | Create | Spearman |
| 25:20 | Age | Imperial Age |
| 25:22 | Create | Unit 1942 |
| 25:23 | Create | Unit 1942 |
| 25:25 | Build | House |
| 25:26 | Build | House |
| 25:34 | Research | Heavy Plow |
| 26:02 | Create | Villager (Male) |
| 26:07 | Build | Farm |
| 26:08 | Build | Farm |
| 26:09 | Build | Farm |
| 26:11 | Build | Farm |
| 26:17 | Create | Villager (Male) |
| 26:19 | Build | Farm |
| 26:21 | Build | Farm |
| 26:28 | Create | Unit 1942 |
| 26:28 | Create | Unit 1942 |
| 26:50 | Build | Watch Tower |
| 27:06 | Create | Unit 1942 |
| 27:07 | Create | Villager (Male) |
| 27:07 | Create | Villager (Male) |
| 27:11 | Build | Farm |
| 27:11 | Build | Farm |
| 27:40 | Research | Ballistics |
| 27:40 | Research | Ballistics |
| 27:43 | Build | Watch Tower |
| 27:53 | Create | Villager (Male) |
| 28:13 | Create | Villager (Male) |
| 28:16 | Build | Farm |
| 28:17 | Build | Farm |
| 28:26 | Create | Villager (Male) |
| 28:39 | Create | Spearman |
| 28:39 | Create | Spearman |
| 28:40 | Create | Spearman |
| 28:55 | Build | Watch Tower |
| 29:08 | Create | Villager (Male) |
| 29:12 | Create | Villager (Male) |
| 29:26 | Build | Farm |
| 29:26 | Build | Farm |
| 29:29 | Build | Farm |
| 29:32 | Build | Farm |
| 29:42 | Create | Unit 1942 |
| 29:43 | Create | Unit 1942 |
| 30:02 | Build | Watch Tower |
| 30:08 | Research | Bracer |
| 30:09 | Research | Bracer |
Match timeline
| 8:28 | DemonSheep · age_up feudal |
| 9:57 | Richard Rahl · age_up feudal |
| 10:23 | Richard Rahl · wall_segment Stone Wall x1 |
| 11:35 | Richard Rahl · wall_segment Stone Wall x1 |
| 11:37 | DemonSheep · wall_segment Palisade Wall x1 |
| 12:49 | Richard Rahl · wall_segment Stone Wall x1 |
| 15:06 | Richard Rahl · wall_segment Stone Wall x3 |
| 15:07 | Richard Rahl · wall_segment Stone Wall x2 |
| 15:13 | Richard Rahl · first_market_buy 100 food |
| 15:14 | Richard Rahl · first_market_sell 100 wood |
| 18:06 | Richard Rahl · age_up castle |
| 18:09 | Richard Rahl · first_building Siege Workshop |
| 18:15 | Richard Rahl · first_building Monastery |
| 19:36 | DemonSheep · age_up castle |
| 19:42 | DemonSheep · first_building Siege Workshop |
| 19:51 | DemonSheep · first_building Monastery |
| 21:26 | DemonSheep · first_building Barracks |
| 21:47 | DemonSheep · first_market_sell 100 stone |
| 24:10 | Richard Rahl · first_building Barracks |
| 25:20 | DemonSheep · age_up imperial |
| 25:53 | Richard Rahl · first_building Castle |
| 29:43 | Richard Rahl · age_up imperial |
| 29:57 | DemonSheep · first_market_buy 100 stone |
| 36:12 | DemonSheep · first_building Archery Range |
| 37:04 | Richard Rahl · first_building Stable |
| 38:30 | DemonSheep · first_building Stable |
| 42:23 | DemonSheep · first_building Castle |
| 46:01 | Richard Rahl · first_building Archery Range |
| 64:57 | Richard Rahl · wall_segment Stone Wall x1 |
| 65:00 | Richard Rahl · wall_segment Stone Wall x1 |
| 70:25 | Richard Rahl · resign |
[ AI ANALYSIS · 1 CREDIT ]
What really happened in this match?
Wolo.gg analyzes every decision: build order, eco, micro, common mistakes by bracket. Personalized analysis on WhatsApp or Discord in 30 seconds.
Civ guide
Burgundians
Perfil
Jugador #1777971